 Dungeon Crawl Stone Soup version 0.30.0-5-g1a98f26d00 (webtiles) character file.

Game seed: 2202542641679497097

110 Woods the Insei (level 4, -2/42 HPs)
             Began as a Naga Transmuter on May 10, 2023.
             Slain by an orc
             ... wielding a +0 falchion
              (6 damage)
             ... on level 3 of the Dungeon.
             The game lasted 00:04:14 (2729 turns).

Woods the Insei (Naga Transmuter)                   Turns: 2729, Time: 00:04:15

Health: -2/42      AC:  2    Str: 12    XL:     4   Next: 91%
Magic:  7/7        EV: 10    Int: 15    God:
Gold:   178        SH:  0    Dex: 12    Spells: 6/7 levels left

rFire   . .          .
                       - Unarmed
rCold   . . .        (no shield)
rNeg    . . .        a - +0 robe
rPois   +            (no helmet)
rElec   .            (no cloak)
rCorr   .            (no gloves)
SInv    +            (no barding)
Will    .....        (no amulet)
Stlth   +            (no ring)
HPRegen 0.27/turn    (no ring)
MPRegen 0.10/turn

%: no passive effects
@: very slow
A: AC +1, large, see invisible, deformed body, poison resistance, slowness 2,
spit poison 1, naga tail 1
a: Spit Poison


You were on level 3 of the Dungeon.
You visited 1 branch of the dungeon, and saw 3 of its levels.

You collected 178 gold pieces.

Inventory:

Armour
 a - a +0 robe (worn)
 m - the +0 robe of the Antique Shrike {Harm Str+6}
   (You found it on level 2 of the Dungeon)

   Str:       It affects your strength (+6).
   Harm:      It increases damage dealt and taken.
Wands
 q - a wand of roots (6)
Scrolls
 d - a scroll of acquirement {unknown}
 e - a scroll of enchant armour {unknown}
 f - a scroll of noise {unknown}
 h - a scroll of enchant weapon {unknown}
 k - a scroll of immolation {unknown}
 n - a scroll of teleportation {unknown}
Potions
 b - a potion of lignification
 c - a potion of flight {unknown}
 g - a potion of ambrosia {unknown}
 i - a potion of resistance {unknown}
 j - a potion of magic {unknown}
 l - 2 potions of invisibility {unknown}
 o - a potion of curing {unknown}
 p - a potion of might {unknown}
 r - a potion of heal wounds {unknown}


   Skills:
 + Level 3.2 Fighting
 - Level 1.5 Dodging
 + Level 4.4 Unarmed Combat
 - Level 2.0 Spellcasting
 - Level 2.0 Transmutations


You had 6 spell levels left.
You knew the following spells:

 Your Spells              Type           Power      Damage    Failure   Level
a - Beastly Appendage     Tmut           14%        N/A       10%         1

Your spell library contained the following spells:

 Spells                   Type           Power      Damage    Failure   Level
 Wereblood                Tmut           7%         N/A       14%         2
 Spider Form              Tmut/Pois      4%         N/A       41%         3
 Ice Form                 Ice/Tmut       4%         N/A       82%         4


Dungeon Overview and Level Annotations

Branches:
Dungeon (3/15)

Altars:


Innate Abilities, Weirdness & Mutations

Your serpentine skin is tough. (AC +1)
You have supernaturally acute eyesight. (SInv)
Armour fits poorly on your strangely shaped body.
Your system is resistant to poisons. (rPois)
You cover ground very slowly.
You can spit poison.
You have a snake-like lower body.


Message History

Aim: an orc, wielding a +0 falchion and wearing a +0 chain mail (70% to hit)
The splash of poison misses the orc.
The orc barely misses you. The orc misses you.
Unknown command.
You barely miss the orc.
The orc is heavily wounded.
The orc hits you with a +0 falchion!
* * * LOW HITPOINT WARNING * * *
The orc misses you.
Unknown command.
Okay, then.
Unknown command.
Really quaff the potion of lignification?
Okay, then.
You closely miss the orc.
The orc is heavily wounded.
The orc closely misses you. x2
You barely miss the orc. Your headbutt misses the orc.
The orc is heavily wounded.
Your horns disappear.
You have got your breath back.
The orc closely misses you. The orc barely misses you.
You hit the orc.
The orc is heavily wounded.
You hit the orc.
You kill the orc!
The orc hits you with a +0 falchion.
* * * LOW HITPOINT WARNING * * *
You hit the orc but do no damage. The orc completely misses you.
You hit the orc.
The orc is heavily wounded.
The orc barely misses you.
You closely miss the orc.
The orc is heavily wounded.
The orc hits you with a +0 falchion.
* * * LOW HITPOINT WARNING * * *
You hit the orc but do no damage.
The orc is heavily wounded.
The orc hits you with a +0 falchion.
You die...

.#... ###.......#...###.#
$#.... .................#.
.#..#.###...#.......###.#.
#..............##........
........##..#..##........
##.#.##.##...).........).
#.....#...............
#...o)#..#..#.......#.
#..))@#..#..#.......#.
#...#########.......#.
#....o......#.........
#...#o......#.......#.
#...........#.......#.
#...###..o.o..#.......#
##.. #....†..#......<. #..
#######.###....... ...
#...#


You could see an orc.

Vanquished Creatures
  An orc wizard (D:3)
  Robin (D:3)
  An adder (D:2)
  A worm (D:2)
  2 orcs (D:3)
  A ball python (D:1)
  7 endoplasms
  4 giant cockroaches
  11 goblins
  7 hobgoblins
  2 jackals (D:1)
  2 kobolds (D:1)
  4 quokkas
  2 frilled lizards (D:1)
  6 rats
52 creatures vanquished.

Notes
Turn   | Place    | Note
-------+----------+-------------------------------------------
     0 | D:1      | Woods the Naga Transmuter began the quest for the Orb.
     0 | D:1      | Reached XP level 1. HP: 18/18 MP: 3/3
   215 | D:1      | You fall into a shaft and drop 1 floor!
   593 | D:1      | Reached XP level 2. HP: 25/25 MP: 5/5
   897 | D:1      | Reached XP level 3. HP: 19/32 MP: 4/6
  1548 | D:2      | Found a faded altar of an unknown god.
  1830 | D:2      | Identified the +0 robe of the Antique Shrike {Harm Str+6}
  1832 | D:2      | Identified the +3 leather armour "Oruuhie" {Will++}
  2412 | D:3      | Reached skill level 4 in Unarmed Combat
  2412 | D:3      | Reached XP level 4. HP: 40/40 MP: 7/7
  2427 | D:3      | Noticed Robin
  2446 | D:3      | Killed Robin
  2729 | D:3      | Slain by an orc

Illustrated notes

Levels and vault maps discovered:
D:1:      minmay_arrival_widening_spiral_narrow, layout_basic
D:2:      layout_loops_corners, chequers_ecumenical_altar_simple
D:3:      cheibrodos_helix_gallery, layout_basic, amcnicky_altar_gilded,
          kennysheep_pointless_box, minmay_crystal_room,
          nicolae_concentric_dashed_squares_wild, st_stairs_9, uniq_robin

Skill      XL: |  1  2  3  4 |
---------------+-------------+-----
Fighting       | 2 3 |  3.2
Unarmed Combat | 4 |  4.4
Dodging        | |  1.5
Spellcasting   | |  2.0
Transmutations | |  2.0

Action                     |  1- 3 |  4- 6 || total
---------------------------+-------+-------++-------
  Melee: Unarmed           |   102 |    42 ||   144
         Headbutt          |     9 |     4 ||    13
         Punch             |     3 |     1 ||     4
   Cast: Beastly Appendage |    22 |     2 ||    24
Ability: Spit Poison       |    12 |    11 ||    23
 Armour: Robe              |    16 |     5 ||    21
  Dodge: Dodged            |    27 |    22 ||    49
